 Dungeon Crawl Stone Soup version 0.17.0-23-g0de4337 (console) character file.

1478 Kloppie the Gusty (level 8, 0/57 HPs)
             Began as a Centaur Wizard on Nov 14, 2015.
             Slain by an ogre
             ... wielding a +0 giant club
              (27 damage)
             ... on level 5 of the Dungeon.
             The game lasted 00:26:45 (10374 turns).

Kloppie the Gusty (Centaur Wizard)                 Turns: 10374, Time: 00:26:45

Health: 0/57       AC:  4    Str: 11    XL:     8   Next: 50%
Magic:  6/11       EV:  9    Int: 19    God:
Gold:   268        SH:  0    Dex:  7    Spells: 5 memorised, 1 level left

rFire  . . .     SeeInvis .     a - +0 quarterstaff
rCold  + . .     Clarity  .     C - +0 robe
rNeg   . . .     SustAt   .     (shield currently unavailable)
rPois  .         Gourm    .     w - +0 hat
rElec  .         Spirit   .     (no cloak)
rCorr  .         Warding  .     (no gloves)
rMut   .         Stasis   .     (no barding)
MR     .....                    (no amulet)
Stlth  +.........               (no ring)
                                p - ring of protection from cold

@: very quick, not resistant to hostile enchantments, very unstealthy
A: hooves 3, deformed body, speed 2, tough skin 3
a: no special abilities


You were on level 5 of the Dungeon.
You were not hungry.

You visited 1 branch of the dungeon, and saw 5 of its levels.

You collected 268 gold pieces.

Inventory:

Hand Weapons
 a - a +0 quarterstaff (weapon)
 b - a +0 mace of protection
Armour
 k - the cursed +0 scale mail "Veaschipn" {*Drain rF+ Str+4 Dex+4, unknown}
   (You found it on level 4 of the Dungeon)

   It affects your strength (+4).
   It affects your dexterity (+4).
   It protects you from fire.
   It causes draining when unequipped.
   It has a curse placed upon it.
 w - a +0 hat (worn)
 C - a +0 robe (worn)
Magical Staves
 H - an uncursed staff of power
Jewellery
 h - an uncursed ring of ice
 o - an uncursed ring of fire
 p - a ring of protection from cold (left hand)
Wands
 s - a wand of frost (15)
 B - a wand of frost (20)
 E - a wand of confusion (28)
Scrolls
 i - a scroll of noise
 n - 3 scrolls of remove curse
 q - a scroll of amnesia {unknown}
 r - a scroll of fear {unknown}
 y - a scroll of enchant weapon {unknown}
 A - a scroll of teleportation {unknown}
 F - a scroll of identify {unknown}
Potions
 f - a potion of brilliance {unknown}
 g - a potion of haste {unknown}
 j - 2 potions of heal wounds {unknown}
 m - 2 potions of curing {unknown}
 t - a potion of ambrosia {unknown}
 u - a potion of resistance {unknown}
 v - a potion of poison {unknown}
 z - a potion of flight {unknown}
 D - 2 potions of lignification {unknown}
 G - a potion of cure mutation {unknown}
 I - a potion of beneficial mutation {unknown}
Books
 c - a book of Minor Magic

   Spells                             Type                      Level
   a - Magic Dart                     Conjuration                  1
   b - Blink                          Translocation                2
   c - Call Imp                       Summoning                    2
   d - Repel Missiles                 Charms/Air                   2
   e - Slow                           Hexes                        2
   f - Conjure Flame                  Conjuration/Fire             3
   g - Mephitic Cloud                 Conjuration/Poison/Air       3
Comestibles
 d - 5 bread rations
 l - 2 meat rations
 J - 2 chunks of flesh


   Skills:
 - Level 0.3(3.0) Maces & Flails
 + Level 4.8 Staves
 - Level 1.3 Dodging
 - Level 1.2 Stealth
 - Level 2.4 Spellcasting
 + Level 5.6 Conjurations
 - Level 0.8 Summonings
   Level 0.8 Translocations
 + Level 5.8 Air Magic


You had one spell level left.
You knew the following spells:

 Your Spells              Type           Power        Failure   Level  Hunger
a - Magic Dart            Conj           ###.         1%          1    #......
b - Call Imp              Summ           #.......     21%         2    ##.....
c - Mephitic Cloud        Conj/Pois/Air  ###.....     12%         3    ###....
d - Slow                  Hex            #.......     24%         2    ##.....
e - Repel Missiles        Chrm/Air       ##....       10%         2    ##.....


Dungeon Overview and Level Annotations

Branches:
Dungeon (5/15)
 Temple: D:4-7

Altars:
Sif Muna
Trog

Annotations:
D:5 Kloppie's ghost, amateur CeWz


Innate Abilities, Weirdness & Mutations

You have hooves in place of feet.
Armour fits poorly on your strangely shaped body.
You cover ground very quickly.
You have extremely tough skin (AC +3).


Message History

The magic dart hits the ogre.
The ogre is severely wounded.
You hit the ogre.
The ogre is severely wounded.
The ogre hits you with a giant club!
You barely miss the ogre. Your kick misses the ogre.
The ogre is severely wounded.
The ogre closely misses you.
You barely miss the ogre.
The ogre is severely wounded.
The ogre closely misses you.
A giant newt comes into view.
You barely miss the ogre. You kick the ogre.
The ogre is severely wounded.
You hit the ogre.
The ogre is almost dead.
The ogre hits you with a giant club!
* * * LOW HITPOINT WARNING * * *
The ogre hits you with a giant club!!
You die...

#........# .##
#....)...####.#
....#....... #....#
....#.$.l.. #....#
..........# #....#
..........# #....#
.........# #....#
=.......O#####..).#
###......@.รท......#
#......######'#.##
#......# #.<#.#..#
######## #.##.#..#
#.##.#..##
#....#...#
######.#W# #.#.##
#.#..#


You could see an ogre and a giant newt.

Vanquished Creatures
  An ice beast (D:5)
  5 ogres
  5 scorpions (D:4)
  A jelly (D:4)
  2 orc wizards (D:4)
  2 hounds (D:5)
  3 orc priests (D:4)
  An iguana (D:4)
  5 worker ants
  2 hound skeletons (D:4)
  A worker ant zombie (D:5)
  5 gnolls
  14 adders
  4 oozes
  5 worms
  5 giant geckos
  20 orcs
  11 bats
  5 giant cockroaches
  6 goblins
  4 hobgoblins
  12 jackals
  A ball python (D:5)
  A giant gecko skeleton (D:5)
  3 giant newts
  10 kobolds
  6 quokkas
  8 rats
148 creatures vanquished.

Vanquished Creatures (others)
  6 fungi (D:4)
6 creatures vanquished.

Grand Total: 154 creatures vanquished

Notes
Turn   | Place    | Note
--------------------------------------------------------------
     0 | D:1      | Kloppie the Centaur Wizard began the quest for the Orb.
     0 | D:1      | Reached XP level 1. HP: 14/14 MP: 3/3
    40 | D:1      | Reached skill level 1 in Conjurations
   450 | D:1      | Reached XP level 2. HP: 20/20 MP: 5/5
   990 | D:1      | Reached XP level 3. HP: 15/26 MP: 0/6
  1526 | D:2      | Reached skill level 3 in Conjurations
  1575 | D:2      | Learned a level 2 spell: Call Imp
  1579 | D:2      | Learned a level 3 spell: Mephitic Cloud
  1585 | D:2      | Found a bloodstained altar of Trog.
  1697 | D:2      | Reached skill level 1 in Air Magic
  2025 | D:2      | Reached XP level 4. HP: 15/33 MP: 4/7
  2867 | D:2      | Found a deep blue altar of Sif Muna.
  3604 | D:3      | Reached XP level 5. HP: 21/38 MP: 0/8
  4508 | D:4      | Noticed an ogre
  4589 | D:3      | Reached skill level 1 in Staves
  5401 | D:4      | Reached XP level 6. HP: 45/45 MP: 3/9
  5836 | D:4      | Noticed an ogre
  5915 | D:4      | Killed an ogre
  5915 | D:4      | Reached skill level 4 in Conjurations
  6524 | D:4      | Killed an ogre
  6524 | D:4      | Reached XP level 7. HP: 50/50 MP: 1/10
  6730 | D:4      | Got a crude scale mail
  8676 | D:4      | Reached skill level 5 in Conjurations
  8711 | D:4      | Reached skill level 5 in Air Magic
  9022 | D:5      | Entered Level 5 of the Dungeon
  9064 | D:5      | Reached XP level 8. HP: 57/57 MP: 6/11
  9349 | D:5      | Learned a level 2 spell: Slow
  9352 | D:5      | Learned a level 2 spell: Repel Missiles
 10030 | D:5      | Noticed Kloppie's ghost (amateur CeWz)
 10374 | D:5      | Slain by an ogre

Action                   |  1- 3 |  4- 6 |  7- 9 || total
-------------------------+-------+-------+-------++-------
Melee: Unarmed           |    44 |       |       ||    44
       Club              |    18 |       |       ||    18
       Whip              |    41 |    42 |       ||    83
       Quarterstaff      |       |    83 |   185 ||   268
       Staff             |       |    10 |       ||    10
       Mace              |       |       |    16 ||    16
 Cast: Magic Dart        |    79 |   155 |   119 ||   353
       Mephitic Cloud    |       |     2 |     4 ||     6
       Slow              |       |       |     1 ||     1
  Use: Scroll            |       |       |     2 ||     2
  Eat: Chunk             |     3 |    13 |    11 ||    27
       Beef jerky        |       |     1 |     1 ||     2
